 Dungeon Crawl Stone Soup version 0.27-a0-1202-ge72e49191c (webtiles) character file.

Game seed: 11496937001362592461

204441 senseless the Devastator (level 18, -6/107 HPs)
             Began as a Grey Draconian Conjurer on June 2, 2021.
             Was the Champion of the Shining One.
             Mangled by a raiju (7 damage)
             ... on level 3 of the Abyss on June 3, 2021.
             The game lasted 04:05:22 (59979 turns).

senseless the Devastator (Grey Draconian Conjurer) Turns: 59979, Time: 04:05:24

Health: -6/107     AC: 31    Str: 10      XL:     18   Next: 1%
Magic:  13/25      EV: 16    Int: 26 (27) God:    the Shining One [******]
Gold:   1246       SH:  0    Dex: 10      Spells: 11/45 levels left

rFire    + + .     SeeInvis .   a - +4 spear "Tiggaubb" {freeze, Fly rPois rF+ rN+}
rCold    + . .     Faith    .   (no shield)
rNeg     + + +     Spirit   .   (armour unavailable)
rPois    +         Reflect  .   r - +2 hat
rElec    .         Harm     .   L - +2 cloak
rCorr    .         Rampage  +   Z - +3 pair of gauntlets of War {Slay+5}
Will     +....     Rnd*Rage +   g - +2 pair of boots of Analysis {rPois rC+ Int+3 Dex+4} Stlth +.........Rnd*Tele +
                                h - amulet of Levity {Acrobat Rampage Str+3}
HPRegen  0.00/turn              v - +4 ring of protection
MPRegen  0.19/turn              J - ring "Nuyduim" {rF+ Int+3}

@: unable to read, flying, glowing
A: AC +15, amphibious, unfitting armour, cold-blooded, [berserk 3], [clumsy 2],
[deterioration 2], [dopey 2], [frail 3], [low mp 3], [screaming 2], [inhibited
regeneration], [teleportitis 2], [weak 2], [no potion heal 2], [subdued magic
3], [inability to read while threatened]
}: 1/15 runes: barnacled
a: Renounce Religion, Divine Shield, Cleansing Flame, Summon Divine Warrior,
Brand Weapon With Holy Wrath


You were on level 3 of the Abyss.
You worshipped the Shining One.
The Shining One was exalted by your worship.
You visited 6 branches of the dungeon, and saw 29 of its levels.
You visited the Abyss 1 time.
You also visited: Gauntlet.

You collected 3950 gold pieces.
You spent 2704 gold pieces at shops.

Inventory:

Hand Weapons
 a - the +4 spear "Tiggaubb" (weapon) {freeze, Fly rPois rF+ rN+}
   (You found it on level 4 of the Dungeon)

   It has been specially enchanted to freeze those struck by it, causing extra
   injury to most foes and up to half again as much damage against particularly
   susceptible opponents.
   It can also slow down cold-blooded creatures.
   It protects you from fire.
   It protects you from poison.
   It protects you from negative energy.
   It grants you flight.
 c - a +6 dagger of flaming
 M - a +4 spectral quarterstaff
Armour
 g - the +2 pair of boots of Analysis (worn) {rPois rC+ Int+3 Dex+4}
   (You acquired it on level 3 of the Lair of Beasts)

   It affects your intelligence (+3).
   It affects your dexterity (+4).
   It protects you from cold.
   It protects you from poison.
 r - a +2 hat (worn)
 L - a +2 cloak (worn)
 Z - the +3 pair of gauntlets of War (worn) {Slay+5}
   (You bought it in a shop on level 2 of the Orcish Mines)

   It affects your accuracy and damage with ranged weapons and melee attacks
   (+5).
Magical Staves
 b - a staff of conjuration
Jewellery
 h - the amulet of Levity (around neck) {Acrobat Rampage Str+3}
   (You acquired it on level 2 of the Orcish Mines)

   [amulet of the acrobat]

   It increases your evasion while moving and waiting.
   It affects your strength (+3).
   It bestows one free step when moving towards enemies.
 n - a +4 ring of evasion
 q - the ring of Dinaillipa {Fire Int+2}
   (You found it on level 4 of the Shoals)

   [ring of fire]

   It enhances your fire magic.
   It affects your intelligence (+2).
   It protects you from fire.
   It makes you vulnerable to cold.
 u - an amulet of faith
 v - a +4 ring of protection (left hand)
 A - the amulet of Tiuzib {Spirit *Corrode Will+++ Slay+6}
   (You found it on level 4 of the Shoals)

   [amulet of guardian spirit]

   It causes incoming damage to be divided between your reserves of health and
   magic.
   It affects your accuracy and damage with ranged weapons and melee attacks
   (+6).
   It may corrode you when you take damage.
   It greatly increases your willpower.
 B - a ring of fire
 G - a ring of willpower
 I - a +6 ring of dexterity
 J - the ring "Nuyduim" (right hand) {rF+ Int+3}
   (You found it on level 6 of the Lair of Beasts)

   [ring of protection from fire]

   It affects your intelligence (+3).
   It protects you from fire.
 P - a ring of wizardry
 Q - a ring of ice
 S - a +4 ring of evasion
 X - a ring of fire
Wands
 o - a wand of polymorph (9)
 p - a wand of iceblast (23)
 s - a wand of acid (38)
 K - a wand of paralysis (8)
 N - a wand of charming (8)
 O - a wand of mindburst (74)
 U - a wand of digging (5)
 V - a wand of flame (16)
Scrolls
 j - 4 scrolls of teleportation
 m - 7 scrolls of magic mapping
 t - 3 scrolls of fog
 w - 5 scrolls of enchant weapon
 y - 6 scrolls of amnesia
 E - 2 scrolls of fear
 F - 3 scrolls of holy word
 H - 4 scrolls of blinking
 T - 11 scrolls of identify
 Y - a scroll of summoning
Potions
 d - 12 potions of curing
 e - 6 potions of haste
 f - 4 potions of heal wounds
 i - 3 potions of berserk rage
 k - 2 potions of attraction
 l - a potion of resistance
 x - 6 potions of flight
 z - 8 potions of brilliance
 C - 4 potions of might
 D - 2 potions of cancellation
 R - 4 potions of lignification
 W - 3 potions of mutation


   Skills:
 + Level 11.9 Fighting
 - Level 1.7 Short Blades
 + Level 10.8 Polearms
 * Level 14.0 Dodging
 - Level 2.0 Stealth
 * Level 14.0 Spellcasting
 * Level 15.5 Conjurations
 * Level 15.4 Earth Magic


You had 11 spell levels left.
You knew the following spells:

 Your Spells              Type           Power      Damage    Failure   Level
a - Stone Arrow           Conj/Erth      100%       3d13      0%          3
b - Searing Ray           Conj           100%       3d7       0%          2
c - Bolt of Magma         Conj/Fire/Erth 18%        4d10      1%          5
d - Iron Shot             Conj/Erth      25%        9d5       1%          6
e - Magic Dart            Conj           100%       1d8       0%          1
f - Iskenderun's Battles  Conj           51%        2d10      0%          5
g - Fireball              Conj/Fire      15%        3d8       1%          5
h - Orb of Destruction    Conj           25%        9d10      1%          7

Your spell library contained the following spells:

 Spells                   Type           Power      Damage    Failure   Level
 Sandblast                Erth           100%       2d20      0%          1
 Lee's Rapid Deconstruct  Erth           25%        3d15*     0%          5
 Animate Skeleton         Necr           18%        N/A       1%          1
 Apportation              Tloc           18%        N/A       1%          1
 Beastly Appendage        Tmut           18%        N/A       1%          1
 Corona                   Hex            10%        N/A       1%          1
 Summon Small Mammal      Summ           36%        N/A       1%          1
 Call Imp                 Summ           9%         N/A       1%          2
 Corpse Rot               Necr/Air       N/A        N/A       1%          2
 Ensorcelled Hibernation  Hex/Ice        18%        N/A       1%          2
 Passwall                 Tmut/Erth      25%        N/A       1%          2
 Sublimation of Blood     Necr           4%         N/A       1%          2
 Wereblood                Tmut           9%         N/A       1%          2
 Dazzling Flash           Conj/Hex       60%        N/A       1%          3
 Fulminant Prism          Conj/Hex       15%        3d11      1%          4
 Iskenderun's Mystic Bla  Conj/Tloc      30%        2d8       1%          4
 Leda's Liquefaction      Hex/Erth       15%        N/A       1%          4
 Petrify                  Tmut/Erth      30%        N/A       1%          4
 Irradiate                Conj/Tmut      15%        3d18      1%          5
 Call Canine Familiar     Summ           9%         N/A       4%          3
 Confusing Touch          Hex            9%         N/A       4%          3
 Ignite Poison            Fire/Tmut/Pois 9%         N/A       4%          3
 Lesser Beckoning         Tloc           4%         N/A       4%          3
 Spider Form              Tmut/Pois      4%         N/A       4%          3
 Summon Guardian Golem    Hex/Summ       9%         N/A       4%          3
 Tukima's Dance           Hex            9%         N/A       4%          3
 Starburst                Conj/Fire      15%        8x6d6     11%         6
 Statue Form              Tmut/Erth      20%        N/A       12%         6
 Dispel Undead            Necr           9%         3d8       19%         4
 Ice Form                 Ice/Tmut       9%         N/A       19%         4
 Summon Ice Beast         Ice/Summ       9%         N/A       19%         4
 Summon Lightning Spire   Summ/Air       9%         N/A       19%         4
 Agony                    Necr           9%         N/A       50%         5
 Alistair's Intoxication  Tmut/Pois      6%         N/A       50%         5
 Excruciating Wounds      Necr           4%         N/A       50%         5
 Hydra Form               Tmut           4%         N/A       50%         5
 Spellforged Servitor     Conj/Summ      15%        N/A       58%         7
 Blade Hands              Tmut           4%         N/A       98%         6
 Eringya's Noxious Bog    Tmut/Pois      4%         N/A       98%         6
 Invisibility             Hex            9%         N/A       98%         6
 Shatter                  Erth           25%        3d22*     99%         9
 Dragon Form              Tmut           4%         N/A       100%        7
 Ignition                 Fire           4%         3d4       100%        8
 Animate Armour           Summ/Erth      Unusable   N/A       N/A         4

Dungeon Overview and Level Annotations

Branches:
Dungeon (15/15)            Temple (1/1) D:5            Lair (6/6) D:10
 Shoals (4/4) Lair:4        Snake (1/4) Lair:3        Slime (0/5) Lair:6
    Orc (2/2) D:12            Elf (0/3) Orc:2        Vaults (0/5) D:13
 Depths (0/5) D:15        Gauntlet (visited)

Altars:
Ashenzari
Cheibriados
Dithmenos
Elyvilon
Fedhas
Gozag
Hepliaklqana
Kikubaaqudgha
Makhleb
Nemelex Xobeh
Okawaru
Qazlal
Ru
Sif Muna
Trog
Uskayaw
Vehumet
Wu Jian
Xom
Yredelemnul
Zin
The Shining One
Beogh
Jiyva
Lugonu

Shops:
D:11 :   Orc:1 ?[:(   Orc:2 !?*[   Shoals:1 ?   Shoals:4 (

Annotations:
Snake:1 Louise


Innate Abilities, Weirdness & Mutations

Your dull iron-grey scales are very hard. (AC +15)
You are amphibious.
You cannot fit into any form of body armour.
You are cold-blooded and may be slowed by cold attacks.
[You have an uncontrollable temper.]
[You are very clumsy. (Dex -4)]
[Your body often deteriorates upon taking damage.]
[You are very dopey. (Int -4)]
[You are extremely frail. (-30% HP)]
[Your magical capacity is extremely low. (-30% MP)]
[You frequently scream uncontrollably at your foes.]
[You do not regenerate when monsters are visible.]
[You are sometimes teleported next to monsters.]
[You are very weak. (Str -4)]
[Potions cannot restore your health.]
[Your spells are much easier to cast, but much less powerful.]
[You sometimes lose the ability to read scrolls when taking damage.]


Message History

A worldbinder comes into view.
A starcursed mass splits.
The raiju bursts into living lightning!
The living lightning hits the small abomination!
The living lightning misses you. The living lightning hits you!
* * * LOW HITPOINT WARNING * * *
The raiju blinks!
You cannot read scrolls in your current state!
Casting: Iron Shot (mildly dangerous; 1% risk of failure)
Confirm with . or Enter, or press ? or * to list all spells.
Aiming: Iron Shot (mildly dangerous; 1% risk of failure)
Press: ? - help, Shift-Dir - straight line, f - raiju
Aim: a raiju (haloed, 71% to hit)
The iron shot misses the raiju.
The worldbinder calls forth creatures from the Swamp!
The small abomination barely misses you.
A starcursed mass splits.
The raiju barely misses you.
A starcursed mass splits.
Casting: Iron Shot (mildly dangerous; 1% risk of failure)
Confirm with . or Enter, or press ? or * to list all spells.
Aiming: Iron Shot (mildly dangerous; 1% risk of failure)
Press: ? - help, Shift-Dir - straight line, f/p - raiju
Aim: a raiju (haloed, 71% to hit)
The iron shot hits the raiju!!
The raiju is severely wounded.
The worldbinder calls forth creatures from the Swamp!
The wretched star glows turbulently.
The lance of force hits you but does no damage.
The small abomination barely misses you.
The raiju bites you but does no damage. A chorus of shrieks assaults your mind.
* * * LOW HITPOINT WARNING * * *
You fail to use your ability.
The small abomination misses you.
The worldbinder calls forth creatures from the Swamp!
The wretched star glows turbulently.
The lance of force hits you but does no damage.
The raiju bites you.
* * * LOW HITPOINT WARNING * * *
The raiju shocks you!
You die...

... #+# #. # ###.....
..... ... . .h.. ...
. .. .####.### .. #
.... #........... .
...######X.X.##### ##
#....X.X.h#####
###'##....#XX._'.....
......*..h.....######
.....#@x####### ...
#.h.nx... #
#......k.. #......k..
..........
#.#........
#.#........
..#########


You could see 6 starcursed masses, a wretched star, a worldbinder, a bog body
(summoned), 3 raiju, 2 swamp drakes and a small abomination.

Vanquished Creatures
  Jorgrun (Shoals:1)
  Frances (Snake:1)
  A kraken (Shoals:3)
  3 tentacled starspawn (Abyss:3)
  Roxanne (Shoals:4)
  An orc warlord (Orc:1)
  A very ugly thing (Abyss:3)
  2 crystal guardians (D:14)
  The ghost of kae the Grappler, a journeyman DrTm of Ru (Lair:2)
  6 merfolk javelineers
  6 merfolk impalers
  2 vault guards (D:13)
  12 hydras
  4 ogre magi (Orc:2)
  4 catoblepae
  3 boulder beetles
  An anaconda (Snake:1)
  3 merfolk avatars
  13 two-headed ogres
  6 centaur warriors
  A deep troll shaman (Lair:6)
  2 satyrs
  4 alligator snapping turtles
  3 merfolk aquamancers
  A death knight (D:15)
  4 death yaks (Lair:6)
  A vampire mage (D:15)
  A wretched star (Abyss:3)
  Nergalle (Orc:1)
  A fire crab (Lair:6)
  A sixfirhy (Abyss:3)
  A salamander mystic (Lair:3)
  4 skeletal warriors (D:15)
  A spark wasp zombie (D:15)
  16 sea snakes
  A spatial maelstrom (Abyss:3)
  Pikel (D:5)
  An orange crystal statue (D:14)
  A lindwurm (Lair:6)
  3 wizards
  4 harpies (Shoals:1)
  A deep elf pyromancer (D:12)
  A mana viper (shapeshifter) (D:11)
  3 necromancers
  A mana viper (Snake:1)
  3 orc sorcerers
  15 fauns
  The ghost of Lanoc the Covert, a novice OpDe of Dithmenos (D:6)
  11 cyclopes
  28 manticores
  A frost giant zombie (D:15)
  An elephant (shapeshifter) (D:15)
  Joseph (D:8)
  3 salamanders
  16 ugly things
  11 merfolk sirens
  21 elephants
  Maurice (D:8)
  2 rust devils (D:9)
  A torpor snail (Lair:3)
  2 water nymphs
  5 black mambas
  12 cane toads
  A naga mage (Snake:1)
  An orange demon (Abyss:3)
  2 gargoyles
  The ghost of polve the Slasher, a novice DsBe of Trog (D:5)
  5 rime drakes
  3 yaktaurs
  2 efreet
  2 komodo dragons
  3 hellwings (Abyss:3)
  A tengu conjurer (D:15)
  An ancient zyme (Abyss:3)
  An unseen horror (D:13)
  4 freezing wraiths
  6 trolls
  46 merfolk
  6 wind drakes
  12 meliai
  A tyrant leech (shapeshifter) (Abyss:3)
  2 polar bears
  19 slime creatures
  14 blink frogs
  10 dream sheep
  7 raiju
  Prince Ribbit (D:5)
  11 snapping turtles
  2 shadows
  2 centaur simulacra (D:15)
  2 vampires
  75 yaks
  8 water elementals
  A deep troll skeleton (D:15)
  5 wyverns
  A ynoxinul (Abyss:3)
  6 large abominations
  3 wraiths
  A fire dragon skeleton (D:15)
  4 basilisks
  3 steam dragons (Shoals:1)
  19 humans
  2 chaos spawn (Abyss:3)
  6 vampire mosquitoes (D:12)
  A spatial vortex (Abyss:3)
  4 wargs
  An acid dragon (D:14)
  6 nagas
  16 water moccasins
  16 orc warriors
  A black bear (shapeshifter) (D:14)
  2 black bears
  A necrophage (D:8)
  2 ice beasts
  2 sky beasts
  25 ogres
  A phantom (D:5)
  21 wolves
  6 centaurs
  A lemure (D:5)
  9 bullfrogs
  2 gnoll sergeants
  2 scorpions
  3 small abominations
  22 killer bees
  13 wights
  2 electric eels
  4 howler monkeys
  4 hounds
  4 jellies
  7 orc priests
  2 gnoll shamans
  Ijyb (D:5)
  3 iguanas
  20 orc wizards
  A killer bee zombie (D:6)
  A hound skeleton (D:4)
  4 howler monkey zombies
  A howler monkey skeleton (D:5)
  15 gnolls
  11 adders
  A shadow imp (D:4)
  2 white imps (D:8)
  A worm (D:2)
  39 orcs
  5 bats
  6 endoplasms
  A giant cockroach (D:1)
  3 hobgoblins
  2 jackals (D:3)
  3 quokkas
  6 ball pythons
  3 frilled lizards
  11 goblins
  3 kobolds
  5 rats
  4 tentacles (Shoals:3)
900 creatures vanquished.

Vanquished Creatures (collateral kills)
  An unseen horror (D:11)
1 creature vanquished.

Vanquished Creatures (others)
  A two-headed ogre (D:13)
  A wizard (D:3)
  7 golden eyes (Abyss:3)
  5 small abominations (Abyss:3)
  A bush (Lair:6)
  16 foxfires (Abyss:3)
  38 fungi
  A lurking horror (Abyss:3)
  167 plants
  2 starspawn tentacles (Abyss:3)
  3 tentacles (Shoals:3)
  3 withered plants (D:15)
245 creatures vanquished.

Grand Total: 1146 creatures vanquished

Notes
Turn   | Place    | Note
-------+----------+-------------------------------------------
     0 | D:1      | senseless the Draconian Conjurer began the quest for the
                  | Orb.
     0 | D:1      | Reached XP level 1. HP: 14/14 MP: 3/3
   192 | D:1      | Found a faded altar of an unknown god.
   422 | D:1      | Reached XP level 2. HP: 20/20 MP: 3/5
  1324 | D:2      | Learned a level 2 spell: Searing Ray
  1708 | D:2      | Reached XP level 3. HP: 26/26 MP: 0/6
  2508 | D:3      | Noticed an ogre
  2514 | D:3      | Killed an ogre
  2515 | D:3      | Reached skill level 1 in Fighting
  2515 | D:3      | Reached skill level 1 in Short Blades
  2515 | D:3      | Reached XP level 4. HP: 35/35 MP: 0/8
  2515 | D:3      | Reached XP level 5. HP: 40/40 MP: 0/9
  2842 | D:3      | Found a sacrificial altar of Ru.
  2849 | D:3      | Reached skill level 5 in Conjurations
  3462 | D:3      | Found a bloodstained altar of Trog.
  3464 | D:3      | Noticed a wizard
  3468 | D:3      | Killed a wizard
  3579 | D:3      | Reached XP level 6. HP: 48/48 MP: 6/11
  3918 | D:4      | Found a hide-covered altar of Uskayaw.
  4309 | D:4      | Identified the +4 spear "Tiggaubb" {freeze, Fly rPois rF+
                  | rN+}
  4324 | D:5      | Entered Level 5 of the Dungeon
  4563 | D:5      | Noticed an ice beast
  4589 | D:5      | Killed an ice beast
  4671 | D:5      | Noticed Ijyb
  4902 | D:4      | Your scales start taking on a dull iron-grey colour.
  4902 | D:4      | Reached XP level 7. HP: 50/56 MP: 7/12
  5023 | D:5      | Reached skill level 1 in Polearms
  5108 | D:5      | Found a staircase to the Ecumenical Temple.
  5213 | Temple   | Entered the Ecumenical Temple
  5535 | Temple   | Became a worshipper of the Shining One
  5554 | D:5      | Killed Ijyb
  5797 | D:5      | Found a transporter.
  5800 | D:5      | Found a transporter.
  5800 | D:5      | Noticed polve's ghost (novice DsBe)
  5979 | D:5      | Noticed Prince Ribbit
  5993 | D:5      | Killed Prince Ribbit
  5994 | D:5      | Reached XP level 8. HP: 63/63 MP: 5/15
  6092 | D:5      | Reached skill level 5 in Spellcasting
  6182 | D:5      | Reached skill level 5 in Dodging
  6461 | D:5      | Noticed Pikel
  6473 | D:5      | Killed Pikel
  6474 | D:5      | Reached XP level 9. HP: 57/72 MP: 7/18
  6544 | D:5      | Found a hazy altar of Hepliaklqana.
  7033 | D:6      | Found a runed translucent door.
  7047 | D:6      | Noticed Lanoc's ghost (novice OpDe)
  7088 | D:6      | Found a white marble altar of Elyvilon.
  7716 | D:7      | Reached * piety under the Shining One
  8100 | D:6      | Reached skill level 5 in Fighting
  8499 | D:8      | Reached XP level 10. HP: 74/81 MP: 8/20
  9506 | D:5      | Killed polve's ghost
  9840 | D:6      | Killed Lanoc's ghost
 10055 | D:8      | Learned a level 5 spell: Bolt of Magma
 10062 | D:8      | Learned a level 6 spell: Iron Shot
 10062 | D:8      | Noticed Joseph
 10517 | D:8      | Reached skill level 1 in Earth Magic
 10563 | D:8      | Reached ** piety under the Shining One
 10634 | D:8      | Noticed Maurice
 10634 | D:8      | Paralysed by Maurice for 2 turns
 10665 | D:8      | Paralysed by Maurice for 3 turns
 10670 | D:8      | Killed Maurice
 10855 | D:8      | Killed Joseph
 10856 | D:8      | Reached skill level 5 in Polearms
 12047 | D:8      | Reached XP level 11. HP: 71/89 MP: 13/23
 12148 | D:9      | Reached *** piety under the Shining One
 12437 | D:9      | Noticed a two-headed ogre
 13273 | D:9      | Killed a two-headed ogre
 13991 | D:9      | Identified the +4 chain mail of Zagraorph {Rampage Stlth+}
 14426 | D:10     | Entered Level 10 of the Dungeon
 14529 | D:10     | Reached **** piety under the Shining One
 14709 | D:10     | Found a snail-covered altar of Cheibriados.
 14801 | D:10     | Reached skill level 5 in Earth Magic
 14924 | D:9      | Reached skill level 10 in Conjurations
 15068 | D:10     | Found a staircase to the Lair.
 15793 | D:11     | Found a gate leading to a gauntlet.
 15798 | Gauntlet | Entered a Gauntlet
 15798 | Gauntlet | Found a transporter.
 15807 | Gauntlet | Found a transporter.
 15810 | Gauntlet | Found a transporter.
 15820 | Gauntlet | Found a transporter.
 15824 | Gauntlet | Found a transporter.
 15827 | Gauntlet | Noticed a great orb of eyes
 15828 | Gauntlet | Noticed a cyan ugly thing
 15833 | Gauntlet | Found a transporter.
 15852 | Gauntlet | Noticed a blizzard demon
 15854 | Gauntlet | Found a transporter.
 15864 | Gauntlet | Noticed a hell beast
 15865 | Gauntlet | Found a transporter.
 15872 | Gauntlet | Reached ***** piety under the Shining One
 15873 | Gauntlet | Found a runed translucent door.
 15876 | Gauntlet | Found a transporter.
 15895 | Gauntlet | Found a transporter.
 15911 | Gauntlet | Found a transporter.
 15911 | Gauntlet | Found a transporter.
 15955 | Gauntlet | Found a runed translucent door.
 15960 | Gauntlet | Found a transporter.
 15974 | Gauntlet | Found a transporter.
 16087 | D:10     | Found a glowing silver altar of Zin.
 16094 | D:10     | Found a sparkling altar of Nemelex Xobeh.
 16096 | D:10     | Found a blossoming altar of Fedhas.
 16097 | D:10     | Found a shimmering blue altar of Sif Muna.
 16098 | D:10     | Found a shadowy altar of Dithmenos.
 16855 | D:10     | Found a radiant altar of Vehumet.
 17269 | D:11     | Noticed a two-headed ogre
 17587 | D:11     | Killed a two-headed ogre
 17828 | D:11     | Found a transporter.
 17844 | D:11     | Found a transporter.
 17962 | D:11     | Reached XP level 12. HP: 53/100 MP: 16/25
 18222 | D:11     | Found Vohosaf's Book Boutique.
 18268 | D:11     | Bought a book of Geomancy for 490 gold pieces
 18272 | D:11     | Learned a level 3 spell: Stone Arrow
 18384 | Lair:1   | Entered Level 1 of the Lair of Beasts
 19112 | Lair:1   | Noticed a four-headed hydra
 19118 | Lair:1   | Killed a four-headed hydra
 19357 | Lair:1   | Noticed a seven-headed hydra
 19363 | Lair:1   | Killed a seven-headed hydra
 19716 | Lair:2   | Found a runed translucent door.
 19719 | Lair:2   | Noticed kae's ghost (journeyman DrTm)
 19724 | Lair:2   | Noticed a six-headed hydra
 20325 | Lair:2   | Noticed a four-headed hydra
 20334 | Lair:2   | Killed a four-headed hydra
 20953 | Lair:3   | Noticed a five-headed hydra
 20956 | Lair:3   | Killed a five-headed hydra
 21038 | Lair:3   | Noticed a catoblepas
 21087 | Lair:3   | Killed a catoblepas
 21196 | Lair:3   | Noticed a six-headed hydra
 21202 | Lair:3   | Killed a six-headed hydra
 21468 | Lair:3   | Identified a scroll of acquirement
 21468 | Lair:3   | Acquired the +2 pair of boots of Analysis {rPois rC+ Int+3
                  | Dex+4}
 21714 | Lair:3   | Found a staircase to the Snake Pit.
 22653 | Lair:4   | Reached skill level 10 in Spellcasting
 22681 | Lair:3   | Reached XP level 13. HP: 100/107 MP: 1/27
 23064 | Lair:4   | Reached skill level 10 in Dodging
 23657 | Lair:4   | Found a staircase to the Shoals.
 26525 | Lair:5   | Reached skill level 10 in Earth Magic
 26718 | Lair:6   | Entered Level 6 of the Lair of Beasts
 26726 | Lair:6   | Reached ****** piety under the Shining One
 27947 | Lair:6   | Reached XP level 14. HP: 115/116 MP: 8/28
 29477 | Lair:6   | Found a viscous altar of Jiyva.
 29477 | Lair:6   | Found a staircase to the Slime Pits.
 29808 | Lair:6   | Identified the ring "Nuyduim" {rF+ Int+3}
 31056 | D:11     | Found a corrupted altar of Lugonu.
 31239 | D:12     | Found a staircase to the Orcish Mines.
 32643 | D:12     | Learned a level 5 spell: Iskenderun's Battlesphere
 35119 | D:13     | Reached XP level 15. HP: 98/126 MP: 17/30
 36007 | D:13     | Found a gate to the Vaults.
 36512 | D:14     | Found a runed translucent door.
 37962 | D:15     | Entered Level 15 of the Dungeon
 37964 | D:15     | Reached skill level 10 in Fighting
 38854 | D:15     | Found a staircase to the Depths.
 38992 | D:15     | Acquired 736 gold pieces
 40556 | D:15     | Learned a level 5 spell: Fireball
 40564 | D:15     | Learned a level 7 spell: Orb of Destruction
 41722 | Lair:2   | Killed kae's ghost
 41805 | Lair:2   | Identified the +0 chain mail "Baaczifyu" {Str+4}
 41903 | Orc:1    | Entered Level 1 of the Orcish Mines
 41906 | Orc:1    | Found Cocudu's Book Boutique.
 41915 | Orc:1    | Bought a book of the Earth for 975 gold pieces
 41958 | Orc:1    | Noticed Nergalle
 41962 | Orc:1    | Killed Nergalle
 42111 | Orc:1    | Found Gonoc's Armour Boutique.
 42222 | Orc:1    | Found Junar's Magic Scroll Shop.
 42240 | Orc:1    | Bought a scroll of torment for 97 gold pieces
 42269 | Orc:1    | Found Xaov's Antique Weapon Shop.
 42389 | Orc:2    | Entered Level 2 of the Orcish Mines
 42833 | Orc:2    | Noticed an orc warlord
 43009 | Orc:1    | Killed an orc warlord
 43339 | Orc:1    | Reached XP level 16. HP: 117/135 MP: 14/32
 43529 | Orc:2    | Paralysed by an orc sorcerer for 4 turns
 44689 | Orc:2    | Found a staircase to the Elven Halls.
 44857 | Orc:2    | Found Qacayn's General Store.
 44857 | Orc:2    | Found Turuost's Armour Shop.
 44858 | Orc:2    | Found Sodiqiz's Distillery.
 44858 | Orc:2    | Found Faschi Jori's Magic Scroll Emporium.
 45291 | Orc:2    | Bought the +3 pair of gauntlets of War {Slay+5} for 570
                  | gold pieces
 45291 | Orc:2    | Found the +3 pair of gauntlets of War {Slay+5}
 45306 | Orc:2    | Bought a scroll of acquirement for 572 gold pieces
 45306 | Orc:2    | Acquired the amulet of Levity {Acrobat Rampage Str+3}
 45567 | Snake:1  | Entered Level 1 of the Snake Pit
 46013 | Snake:1  | Noticed Louise
 46045 | Snake:1  | Noticed Frances
 46325 | Shoals:1 | Entered Level 1 of the Shoals
 46448 | Shoals:1 | Found Umiuv's Magic Scroll Shoppe.
 47342 | Shoals:1 | Noticed Jorgrun
 47662 | Shoals:1 | Killed Jorgrun
 49374 | Shoals:2 | Reached skill level 10 in Polearms
 52439 | Shoals:3 | Reached XP level 17. HP: 144/144 MP: 3/34
 53600 | Shoals:3 | Noticed a kraken
 53607 | Shoals:3 | Killed a kraken
 53962 | Shoals:4 | Entered Level 4 of the Shoals
 54437 | Shoals:4 | Found Inuipn's Weapon Emporium.
 55012 | Shoals:4 | Noticed Roxanne
 55128 | Shoals:4 | Reached skill level 15 in Conjurations
 55701 | Shoals:4 | Identified the ring of Dinaillipa {Fire Int+2}
 56133 | Shoals:4 | Reached skill level 15 in Earth Magic
 56138 | Shoals:4 | Identified the amulet of Tiuzib {Spirit *Corrode Will+++
                  | Slay+6}
 56780 | Shoals:4 | Identified the +9 plate armour of Sunlight {Int+4}
 57144 | Shoals:4 | Got a barnacled rune of Zot
 57451 | Shoals:4 | Killed Roxanne
 58200 | D:14     | Identified the +0 battleaxe of Jyogexane {elec, Fly rN++
                  | rCorr Str-5}
 58372 | Snake:1  | Killed Frances
 58512 | Snake:1  | Cast into level 3 of the Abyss (Louise)
 59189 | Abyss:3  | Noticed a hellephant
 59211 | Abyss:3  | Noticed a hellephant
 59280 | Abyss:3  | Noticed a hellephant
 59302 | Abyss:3  | Noticed a bone dragon
 59560 | Abyss:3  | Noticed a bone dragon
 59813 | Abyss:3  | Reached XP level 18. HP: 55/107 MP: 25/25
 59969 | Abyss:3  | Found a corrupted altar of Lugonu.
 59978 | Abyss:3  | HP: 4/107 [starcursed mass/accursed screaming (8)]
 59979 | Abyss:3  | HP: 1/107 [raiju (3)]
 59979 | Abyss:3  | Mangled by a raiju

Illustrated notes

Levels and vault maps discovered:
D:1:      dpeg_arrival_chambers_temple_mockup, layout_loops_corners,
          shapermc_ecumenical_altar_totnotflames
D:2:      layout_basic
D:3:      layout_basic, nicolae_ru_great_annihilating_truth, trog_wizard
D:4:      layout_gridville, lemuel_coloured_pillars_altar, serial_glass,
          glass_columns_a, glass_columns_b
D:5:      layout_gridville, old_standard_altar, temple_pool_b,
          gammafunk_ghost_arena, kennysheep_dice, uniq_ijyb, uniq_pikel,
          uniq_prince_ribbit1
D:6:      layout_basic, elyvilon_altar_4, ebering_ghost_sewer_d
D:7:      layout_cave_pools
D:8:      cheibrodos_iron_armory, layout_cave_pods, kennysheep_nondescript,
          minivault_26, uniq_maurice, uniq_joseph
D:9:      layout_rooms
D:10:     layout_layer_cave, cheibriados_altar_1, grunt_temple_overflow_open,
          kennysheep_little_box, minmay_lair_entry_grove
D:11:     gammafunk_corrupted_shrine, layout_cave_pools, gauntlet_entry_generic,
          serial_shops, nicolae_shop_crystal
D:12:     layout_stronghold, david_orc_3, water_maze_lemuel
D:13:     layout_rooms, grunt_vaults_entry_tiered, minmay_bent
D:14:     layout_loops_ring, serial_rivers, chequers_serial_rivers_micro_e,
          chequers_serial_rivers_room_b, chequers_serial_rivers_large_a,
          chequers_serial_rivers_room_a, minmay_crystal_box
D:15:     gammafunk_depths_entry_grave, layout_rooms, serial_park_square1
          [serial_park_minivault_5x5_3]
Temple:   compressed_dpeg_circular_temple
Lair:1:   layout_regular_city, lemuel_fruit_fields
Lair:2:   layout_long_grid, ebering_ghost_inner_flame, grunt_megastairs_5,
          serial_bayou_shore_b, infiniplex_staircase_pool_2, lemuel_fruit_tree
Lair:3:   layout_gridlike, minmay_snake_entry_guardpost_small,
          minmay_stone_trees_small, minivault_23, grunt_megastairs_4,
          infiniplex_staircase_pool
Lair:4:   layout_misc_corridors, minmay_shoals_entry_lonely_mermaid
Lair:5:   layout_gridlike
Lair:6:   grunt_lair_end_beastmaster, layout_cave_shapes, slime_altar_1
Shoals:1: layout_shoals, serial_shops, shop_coins, nicolae_shoals_drake_roost,
          uniq_jorgrun
Shoals:2: layout_shoals, yaktaur_hedge
Shoals:3: layout_shoals
Shoals:4: shoals_end_simple, layout_shoals, serial_shops, shop,
          nicolae_shoals_circle_sea_wall, nicolae_shoals_dead_sea_scrolls,
          uniq_roxanne
Snake:1:  layout_rooms, minmay_shop_star, grunt_megastairs_2, uniq_frances,
          uniq_louise
Orc:1:    layout_diamond_mine, serial_shops, nicolae_shop_behind_doors, shop,
          shop, shop, uniq_nergalle
Orc:2:    st_orc_ogre_mass, layout_caves, lemuel_statue_altar
Abyss:3:  base: D:2, base: D:2, evilmike_abyss_rune_siren_acolytes,
          hangedman_abyss_or_decor_jellyfish_corner,
          hangedman_abyss_or_decor_stabs, hangedman_abyss_stitches_cave,
          evilmike_abyss_rune_elephants_shrine,
          evilmike_abyss_rune_elephants_shrine, hangedman_decor_peaks_small,
          minivault_4, doesnt_abyss_rune_brain_food,
          doesnt_abyss_rune_brain_food, evilmike_abyss_exit_1,
          bh_abyss_exit_grid, nicolae_abyss_rune_star_stuff,
          grunt_abyss_rune_wretched_hive, evilmike_abyss_exit_16,
          hangedman_decor_points, grunt_abyss_rune_forest_and_sorcery,
          hangedman_shadowy_showcase,
          evilmike_nicolae_abyss_rune_containment_curve,
          hangedman_abyss_rune_macabre_mess

Skill      XL: |  1  2  3  4  5  6  7  8  9 10 11 12 13 14 15 16 17 |
---------------+----------------------------------------------------+-----
Stealth        | 2 |  2.0
Dodging        | 2 3 4 5 6 7 8 9 10 11 12 13 14 | 14.0
Fighting       | 1 2 3 4 5 6 7 8 9 10 11 | 11.9
Short Blades   | 1 |  1.7
Spellcasting   | 3 4 6 8 9 10 11 12 13 14 | 14.0
Conjurations   | 5 6 7 8 9 10 11 12 13 14 15 | 15.5
Polearms       | 2 3 4 5 6 7 8 9 10 | 10.8
Earth Magic    | 3 6 8 10 11 13 14 15 | 15.4

Action                   |  1- 3 |  4- 6 |  7- 9 | 10-12 | 13-15 | 16-18 || total
-------------------------+-------+-------+-------+-------+-------+-------++-------
Melee: Unarmed           |     9 |       |       |       |       |       ||     9
       Tailslap          |     2 |     1 |     6 |    11 |    17 |    48 ||    85
       Dagger            |     9 |    18 |       |       |       |       ||    27
       Spear             |       |    17 |    83 |   177 |   132 |   364 ||   773
       Staff             |       |       |       |     1 |     8 |    18 ||    27
 Cast: Magic Dart        |    67 |    81 |   179 |   557 |   563 |   362 ||  1809
       Searing Ray       |     2 |     5 |     9 |    66 |    30 |     5 ||   117
       Stone Arrow       |       |       |       |    75 |   360 |   182 ||   617
       Iron Shot         |       |       |       |       |   158 |   225 ||   383
       Bolt of Magma     |       |       |       |       |    29 |     6 ||    35
       Iskenderun's Batt |       |       |       |       |     2 |       ||     2
       Orb of Destructio |       |       |       |       |     2 |    23 ||    25
       Fireball          |       |       |       |       |     1 |     8 ||     9
Invok: Divine Shield     |       |       |       |       |       |     1 ||     1
Evoke: Wand              |       |       |     1 |       |       |     4 ||     5
  Use: Scroll            |     6 |     2 |     4 |    12 |    14 |    10 ||    48
       Potion            |       |       |       |     3 |       |     5 ||     8
Armor: Skin              |     9 |    20 |    62 |   270 |   336 |   281 ||   978
Dodge: Dodged            |    13 |    21 |   132 |   422 |   603 |   718 ||  1909
Block: Other             |       |       |       |       |       |     3 ||     3

Table legend: (Time is in decaauts)
 A = Elapsed time spent in this place.
 B = Non-inter-level travel time spent in this place.
 C = Inter-level travel time spent in this place.
 D = Time resting spent in this place.
 E = Time spent auto-exploring this place.
 F = Levels seen in this place.
 G = Mean time per level.
                   A        B        C        D        E       F      G
               +--------+--------+--------+--------+--------+-----+--------+
         Total |  59837 |  57033 |   2804 |  20033 |  29392 |  31 | 1930.2 |
       Dungeon |  29098 |  27516 |   1582 |   8384 |  15506 |  15 | 1939.9 |
        Temple |    331 |    312 |     19 |    235 |     75 |   1 |  331.0 |
          Lair |  13609 |  12842 |    767 |   4342 |   6990 |   6 | 2268.2 |
        Shoals |  11303 |  11042 |    261 |   4615 |   5193 |   4 | 2825.8 |
     Snake Pit |    300 |    300 |      0 |    179 |     29 |   1 |  300.0 |
  Orcish Mines |   3556 |   3382 |    174 |   1878 |   1047 |   2 | 1778.0 |
         Abyss |   1404 |   1404 |      0 |    400 |    334 |   1 | 1404.0 |
      Gauntlet |    232 |    232 |      0 |      0 |    218 |   1 |  232.0 |
               +--------+--------+--------+--------+--------+-----+--------+

Top non-repeatable levels by time:
  Lair:5: 3441 daAuts
Shoals:4: 3392 daAuts
    D:14: 3118 daAuts
Shoals:1: 3064 daAuts
    D:12: 2804 daAuts
  Lair:3: 2790 daAuts
Shoals:3: 2779 daAuts
     D:8: 2777 daAuts
  Lair:6: 2633 daAuts
    D:10: 2330 daAuts
    D:13: 2329 daAuts
     D:5: 2267 daAuts
    D:15: 2160 daAuts
Shoals:2: 2067 daAuts
   Orc:1: 2036 daAuts
